3L
CAPITAL DISTRICT RED KNIGHTS @ KINGSTON TOWNSHIP LEGION
09/21/2028
 
TOP OF THE 1ST
Capital District Red Knights batting - Pitching for Kingston Township Legion : RHP Alfonso Miranda
Pitching: RHP Alfonso Miranda
Batting: RHB Danilo Mosca 0-0: Called Strike
0-1: Swinging Strike
0-2: Strikes out swinging
Batting: RHB Alfonso Enríquez 0-0: Called Strike
0-1: Foul Ball, location: 2F
0-2: Strikes out swinging
Batting: RHB Sergio Ortíz 0-0: Foul Ball, location: 2F
0-1: Foul Ball, location: 2F
0-2: Ball
1-2: SINGLE (Flyball, 8RS)
Batting: RHB Pedro Álvarez 0-0: Ball
1-0: DOUBLE (Line Drive, 7LM)
Sergio Ortíz to third
Runner from 3rd tries for Home, SAFE, throw made home
Batting: LHB Francisco Sánchez 0-0: Foul Ball, location: 2F
0-1: SINGLE (Groundball, 56D)
Pedro Álvarez to third
Runner from 3rd tries for Home, SAFE, no throw
Batting: RHB José Paz 0-0: Called Strike
0-1: Ball
Francisco Sánchez steals 2nd base
1-1: Ground out 5-3 (Groundball, 56)
Top of the 1st over - 2 run(s), 3 hit(s), 0 error(s), 1 left on base; Capital District 2 - Kingston Township 0
BOTTOM OF THE 1ST
Kingston Township Legion batting - Pitching for Capital District Red Knights : RHP Leroy Moody
Pitching: RHP Leroy Moody
Batting: LHB Christian Blair 0-0: Swinging Strike
0-1: Ball
1-1: Called Strike
1-2: Ball
2-2: Foul Ball, location: 2F
2-2: Ball
3-2: Foul Ball, location: 2F
3-2: Foul Ball, location: 2F
3-2: Base on Balls
Batting: LHB António González 0-0: Called Strike
0-1: Ball
1-1: Ball
2-1: Ball
3-1: Called Strike
3-2: Base on Balls
Christian Blair to second
Batting: RHB EP Weston 0-0: Ball
1-0: Grounds into double play, 5-4-3 (Groundball, 56)
Christian Blair to third
Batting: RHB Dani Trejo 0-0: Reached on error, E6 (Groundball, 6)
Christian Blair scores
Batting: RHB Jim Scott 0-0: Swinging Strike
0-1: Ball
1-1: Ball
2-1: Called Strike
2-2: SINGLE (Groundball, 6MD)
Dani Trejo to second
Batting: RHB Alfredo Cardenas 0-0: Fly out, F7 (Line Drive, 78D)
Bottom of the 1st over - 1 run(s), 1 hit(s), 1 error(s), 2 left on base; Capital District 2 - Kingston Township 1
TOP OF THE 2ND
Capital District Red Knights batting - Pitching for Kingston Township Legion : RHP Alfonso Miranda
Batting: RHB Barry Dempsey 0-0: Ball
1-0: Called Strike
1-1: Swinging Strike
1-2: Ball
2-2: Ball
3-2: Strikes out swinging
Batting: RHB Randy Tucker 0-0: Ball
1-0: Ball
2-0: Ball
3-0: Base on Balls
Batting: RHB Leo Cadden 0-0: Called Strike
0-1: Ball
1-1: Foul Ball, location: 2F
1-2: Ball
2-2: Ground out 5-3 (Groundball, 5S)
Randy Tucker to second
Batting: RHB Danilo Mosca 0-0: Swinging Strike
0-1: Ball
1-1: Ball
2-1: SINGLE (Groundball, 6MD)
Randy Tucker to third
Runner from 3rd tries for Home, SAFE, no throw
Batting: RHB Alfonso Enríquez 0-0: Called Strike
0-1: Ball
1-1: Reached on error, E5 (Groundball, 56)
Danilo Mosca to second
Batting: RHB Sergio Ortíz 0-0: Called Strike
0-1: Fly out, F7 (Flyball, 78D)
Top of the 2nd over - 1 run(s), 1 hit(s), 1 error(s), 2 left on base; Capital District 3 - Kingston Township 1
BOTTOM OF THE 2ND
Kingston Township Legion batting - Pitching for Capital District Red Knights : RHP Leroy Moody
Batting: RHB Clarence Neal 0-0: Swinging Strike
0-1: Foul Ball, location: 2F
0-2: Ball
1-2: Ball
2-2: Strikes out swinging
Batting: LHB Tommy Sullivan 0-0: Ball
1-0: Called Strike
1-1: Foul Ball, location: 2F
1-2: Foul Ball, location: 2F
1-2: Strikes out swinging
Batting: RHB Juan Aguirre 0-0: Ground out 6-3 (Groundball, 6S)
Bottom of the 2nd over - 0 run(s), 0 hit(s), 0 error(s), 0 left on base; Capital District 3 - Kingston Township 1
TOP OF THE 3RD
Capital District Red Knights batting - Pitching for Kingston Township Legion : RHP Alfonso Miranda
Batting: RHB Pedro Álvarez 0-0: Called Strike
0-1: Called Strike
0-2: Foul Ball, location: 2F
0-2: Strikes out swinging
Batting: LHB Francisco Sánchez 0-0: Ball
1-0: Ball
2-0: Foul Ball, location: 2F
2-1: Ground out 1-3 (Groundball, P)
Batting: RHB José Paz 0-0: Ball
1-0: Fly out, F9 (Flyball, 9S)
Top of the 3rd over - 0 run(s), 0 hit(s), 0 error(s), 0 left on base; Capital District 3 - Kingston Township 1
BOTTOM OF THE 3RD
Kingston Township Legion batting - Pitching for Capital District Red Knights : RHP Leroy Moody
Batting: LHB Christian Blair 0-0: Swinging Strike
0-1: Ground out 4-3 (Groundball, 34)
Batting: LHB António González 0-0: Called Strike
0-1: Ball
1-1: Foul Ball, location: 2F
1-2: Ball
2-2: SINGLE (Groundball, 34D)
Batting: RHB EP Weston 0-0: Ball
1-0: Foul Ball, location: 2F
1-1: Ball
2-1: Called Strike
2-2: Foul Ball, location: 2F
2-2: Ball
3-2: Strikes out swinging
António González is caught stealing 2nd base
Batter strikes out.
Bottom of the 3rd over - 0 run(s), 1 hit(s), 0 error(s), 0 left on base; Capital District 3 - Kingston Township 1
TOP OF THE 4TH
Capital District Red Knights batting - Pitching for Kingston Township Legion : RHP Alfonso Miranda
Batting: RHB Barry Dempsey 0-0: Ball
1-0: Called Strike
1-1: Ball
2-1: SINGLE (Flyball, 89S)
Batting: RHB Randy Tucker 0-0: Called Strike
0-1: Ball
1-1: Foul Ball, location: 2F
1-2: Ball
Wild Pitch!
Barry Dempsey to second
2-2: Foul Ball, location: 2F
2-2: Ground out 6-3 (Groundball, 6S)
Barry Dempsey to third
Batting: RHB Leo Cadden 0-0: Ball
1-0: Foul Ball, location: 2F
1-1: Called Strike
1-2: Strikes out swinging
Batting: RHB Danilo Mosca 0-0: Foul Ball, location: 2F
0-1: Ball
1-1: Ball
2-1: Ball
3-1: Called Strike
3-2: Foul Ball, location: 2F
3-2: Foul Ball, location: 2F
3-2: Ground out 5-3 (Groundball, 56)
Top of the 4th over - 0 run(s), 1 hit(s), 0 error(s), 1 left on base; Capital District 3 - Kingston Township 1
BOTTOM OF THE 4TH
Kingston Township Legion batting - Pitching for Capital District Red Knights : RHP Leroy Moody
Batting: RHB Dani Trejo 0-0: Ball
1-0: Ball
2-0: Foul Ball, location: 2F
2-1: Ball
3-1: Base on Balls
Batting: RHB Jim Scott 0-0: Ball
1-0: Ball
2-0: Called Strike
2-1: Called Strike
2-2: Ball
3-2: Foul Ball, location: 2F
3-2: Foul Ball, location: 2F
3-2: Foul Ball, location: 2F
3-2: Base on Balls
Dani Trejo to second
Batting: RHB Alfredo Cardenas 0-0: Ball
1-0: Ball
2-0: Grounds into double play, 5-4-3 (Groundball, 5)
Dani Trejo to third
Batting: RHB Clarence Neal 0-0: Ball
1-0: Ball
2-0: Ball
3-0: Called Strike
3-1: Foul Ball, location: 2F
3-2: Base on Balls
Batting: LHB Tommy Sullivan 0-0: Foul Ball, location: 2F
0-1: DOUBLE (Groundball, 3L)
Dani Trejo scores
Clarence Neal to third
Batting: RHB Juan Aguirre 0-0: Ball
1-0: Ball
2-0: Ball
Wild Pitch!
Clarence Neal scores
Tommy Sullivan to third
3-0: Called Strike
3-1: Swinging Strike
3-2: Base on Balls
Batting: LHB Christian Blair 0-0: Ball
1-0: Called Strike
1-1: SINGLE (Groundball, 34D)
Tommy Sullivan scores
Juan Aguirre to second
Runner from 2nd tries for 3rd, SAFE, throw made to third
Batting: LHB António González 0-0: Ball
1-0: Foul Ball, location: 2F
1-1: Ball
2-1: Foul Ball, location: 2F
2-2: Fielders Choice at 2nd, 4-6 (Groundball, 4)
Bottom of the 4th over - 3 run(s), 2 hit(s), 0 error(s), 1 left on base; Capital District 3 - Kingston Township 4
TOP OF THE 5TH
Capital District Red Knights batting - Pitching for Kingston Township Legion : RHP Alfonso Miranda
Batting: RHB Alfonso Enríquez 0-0: SINGLE (Groundball, 56D)
Batting: RHB Sergio Ortíz 0-0: Ball
1-0: Ball
2-0: Foul Ball, location: 2F
2-1: Called Strike
2-2: Fly out, F4 (Popup, 4S)
Batting: RHB Pedro Álvarez 0-0: Called Strike
0-1: Called Strike
0-2: Foul Ball, location: 2F
0-2: Ball
1-2: Strikes out swinging
Batting: LHB Francisco Sánchez 0-0: Called Strike
0-1: Called Strike
0-2: Foul Ball, location: 2F
0-2: Ball
1-2: Ball
2-2: Ball
3-2: SINGLE (Line Drive, 4MD)
Alfonso Enríquez to second
Alfonso Enríquez to third
Batting: RHB José Paz 0-0: Ball
1-0: Ground out 1-3 (Groundball, 13)
Top of the 5th over - 0 run(s), 2 hit(s), 0 error(s), 2 left on base; Capital District 3 - Kingston Township 4
BOTTOM OF THE 5TH
Kingston Township Legion batting - Pitching for Capital District Red Knights : RHP Leroy Moody
Batting: RHB EP Weston 0-0: Foul Ball, location: 2F
0-1: Swinging Strike
0-2: Foul Ball, location: 2F
0-2: Strikes out looking
Batting: RHB Dani Trejo 0-0: Called Strike
0-1: Foul Ball, location: 2F
0-2: Ball
1-2: Ball
2-2: Foul Ball, location: 2F
2-2: Ball
3-2: Foul Ball, location: 2F
3-2: Foul Ball, location: 2F
3-2: Fly out, F7 (Flyball, 7LD)
Batting: RHB Jim Scott 0-0: Foul Ball, location: 2F
0-1: Swinging Strike
0-2: SINGLE (Line Drive, 9LS)
Batting: RHB Alfredo Cardenas 0-0: Ball
1-0: Foul Ball, location: 2F
1-1: Fly out, F8 (Flyball, 8LS)
Bottom of the 5th over - 0 run(s), 1 hit(s), 0 error(s), 1 left on base; Capital District 3 - Kingston Township 4
TOP OF THE 6TH
Capital District Red Knights batting - Pitching for Kingston Township Legion : RHP Alfonso Miranda
Batting: RHB Barry Dempsey 0-0: Ball
1-0: Ball
2-0: Foul Ball, location: 2F
2-1: Foul Ball, location: 2F
2-2: Foul Ball, location: 2F
2-2: Strikes out looking
Batting: RHB Randy Tucker 0-0: Ball
1-0: Foul Ball, location: 2F
1-1: Ball
2-1: Ball
3-1: Foul Ball, location: 2F
3-2: DOUBLE (Groundball, 5L)
Batting: RHB Leo Cadden 0-0: Ball
1-0: Ball
2-0: DOUBLE (Line Drive, 8LXD)
Randy Tucker scores
Batting: RHB Danilo Mosca 0-0: Intentional Walk
Pitching: LHP Il-young Kim
Batting: RHB Alfonso Enríquez 0-0: Called Strike
Leo Cadden steals 3rd base
Danilo Mosca to second
0-1: DOUBLE (Flyball, 8LXD)
Leo Cadden scores
Danilo Mosca scores
Batting: RHB Sergio Ortíz 0-0: Intentional Walk
Batting: RHB Pedro Álvarez 0-0: Foul Ball, location: 2F
0-1: Ball
1-1: Ball
2-1: Fly out, F9 (Flyball, 9S)
Batting: LHB Francisco Sánchez 0-0: Ball
1-0: Foul Ball, location: 2F
1-1: Swinging Strike
1-2: Ball
2-2: Ball
3-2: Foul Ball, location: 2F
3-2: Strikes out swinging
Top of the 6th over - 3 run(s), 3 hit(s), 0 error(s), 2 left on base; Capital District 6 - Kingston Township 4
BOTTOM OF THE 6TH
Kingston Township Legion batting - Pitching for Capital District Red Knights : RHP Leroy Moody
Batting: RHB Clarence Neal 0-0: Ball
1-0: Called Strike
1-1: SINGLE (Line Drive, 4MD)
Pitching: RHP Ánibal Rivera
Batting: LHB Tommy Sullivan 0-0: Fly out, F9 (Line Drive, 89D)
Batting: RHB Juan Aguirre 0-0: Called Strike
0-1: Called Strike
0-2: Ball
1-2: Strikes out swinging
Batting: LHB Christian Blair 0-0: Ball
1-0: Ball
2-0: Called Strike
2-1: Foul Ball, location: 2F
2-2: Ground out 1-3 (Groundball, 15S)
Bottom of the 6th over - 0 run(s), 1 hit(s), 0 error(s), 1 left on base; Capital District 6 - Kingston Township 4
TOP OF THE 7TH
Capital District Red Knights batting - Pitching for Kingston Township Legion : LHP Il-young Kim
Batting: RHB José Paz 0-0: Called Strike
0-1: Ground out 5-3 (Groundball, 5L)
Batting: RHB Barry Dempsey 0-0: Ball
1-0: Ball
2-0: Ball
3-0: Base on Balls
Batting: RHB Randy Tucker 0-0: Foul Ball, location: 2F
0-1: Ball
1-1: Ball
2-1: Grounds into double play, 1-6-3 (Groundball, 13)
Top of the 7th over - 0 run(s), 0 hit(s), 0 error(s), 0 left on base; Capital District 6 - Kingston Township 4
BOTTOM OF THE 7TH
Kingston Township Legion batting - Pitching for Capital District Red Knights : RHP Ánibal Rivera
Batting: LHB António González 0-0: Foul Ball, location: 2F
0-1: Called Strike
0-2: Ball
1-2: Foul Ball, location: 2F
1-2: Ball
2-2: Foul Ball, location: 2F
2-2: Ball
3-2: Base on Balls
Batting: RHB EP Weston 0-0: Ball
1-0: Ball
Wild Pitch!
António González to second
2-0: Ball
3-0: Called Strike
3-1: Foul Ball, location: 2F
3-2: Base on Balls
Batting: RHB Dani Trejo 0-0: Ball
1-0: Foul Ball, location: 2F
1-1: Foul Ball, location: 2F
1-2: Foul Ball, location: 2F
1-2: Foul Ball, location: 2F
1-2: Ball
2-2: Foul Ball, location: 2F
2-2: Ball
3-2: Foul Ball, location: 2F
3-2: Base on Balls
António González to third
EP Weston to second
Batting: RHB Jim Scott 0-0: Foul Ball, location: 2F
0-1: Foul Ball, location: 2F
0-2: Foul Ball, location: 2F
0-2: Ball
1-2: Grounds into fielders choice 1-2 (Groundball, P)
EP Weston to third
Dani Trejo to second
Batting: RHB Alfredo Cardenas 0-0: Grounds into fielders choice 1-2 (Groundball, P)
Dani Trejo to third
Jim Scott to second
Batting: RHB Clarence Neal 0-0: Called Strike
0-1: Swinging Strike
0-2: Ball
1-2: Ball
2-2: SINGLE (Line Drive, 8RS)
Dani Trejo scores
Jim Scott to third
Alfredo Cardenas to second
Runner from 3rd tries for Home, SAFE, no throw
Batting: LHB Tommy Sullivan 0-0: Foul Ball, location: 2F
0-1: Swinging Strike
0-2: Ball
1-2: Ball
2-2: Ball
3-2: Base on Balls
Alfredo Cardenas to third
Clarence Neal to second
Pitching: RHP Chang-keun Hyon
Pinch Hitting: LHB Armando Reyes 0-0: Fly out, F3 (Line Drive, 34)
Bottom of the 7th over - 2 run(s), 1 hit(s), 0 error(s), 3 left on base; Capital District 6 - Kingston Township 6
TOP OF THE 8TH
Capital District Red Knights batting - Pitching for Kingston Township Legion : LHP Il-young Kim
Now at 2B: Júlio Rodríguez
Batting: RHB Leo Cadden 0-0: Ball
1-0: Ball
2-0: Called Strike
2-1: Ground out 6-3 (Groundball, 6)
Pinch Hitting: RHB Arnold Giroux 0-0: Called Strike
0-1: Foul Ball, location: 2F
0-2: Foul Ball, location: 2F
0-2: Strikes out swinging
Batting: RHB Alfonso Enríquez 0-0: Called Strike
0-1: Ball
1-1: Swinging Strike
1-2: Ground out 6-3 (Groundball, 6M)
Top of the 8th over - 0 run(s), 0 hit(s), 0 error(s), 0 left on base; Capital District 6 - Kingston Township 6
BOTTOM OF THE 8TH
Kingston Township Legion batting - Pitching for Capital District Red Knights : RHP Chang-keun Hyon
Now at SS: Arnold Giroux
Batting: LHB Christian Blair 0-0: Swinging Strike
0-1: Ground out U3 (Groundball, 34S)
Batting: LHB António González 0-0: Foul Ball, location: 2F
0-1: Swinging Strike
0-2: Foul Ball, location: 2F
0-2: Foul Ball, location: 2F
0-2: Ball
1-2: Ball
2-2: Ball
3-2: Foul Ball, location: 2F
3-2: Base on Balls
Batting: RHB EP Weston 0-0: Swinging Strike
0-1: Called Strike
0-2: Ball
1-2: Fly out, F8 (Flyball, 8LD)
Batting: RHB Dani Trejo 0-0: Foul Ball, location: 2F
0-1: Foul Ball, location: 2F
0-2: Ball
1-2: Ball
2-2: Ball
3-2: Fly out, F9 (Line Drive, 9S)
Bottom of the 8th over - 0 run(s), 0 hit(s), 0 error(s), 1 left on base; Capital District 6 - Kingston Township 6
TOP OF THE 9TH
Capital District Red Knights batting - Pitching for Kingston Township Legion : LHP Il-young Kim
Pitching: RHP John Riggleman
Batting: RHB Sergio Ortíz 0-0: Called Strike
0-1: Ball
1-1: Called Strike
1-2: Foul Ball, location: 2F
1-2: Strikes out swinging
Batting: RHB Pedro Álvarez 0-0: Ball
1-0: SINGLE (Flyball, 9LS)
Batting: LHB Francisco Sánchez 0-0: Ball
1-0: Swinging Strike
1-1: Called Strike
1-2: Ball
2-2: Fielders Choice at 2nd, 1-6 (Groundball, P)
Batting: RHB José Paz 0-0: Called Strike
0-1: Fly out, F8 (Flyball, 8LM)
Top of the 9th over - 0 run(s), 1 hit(s), 0 error(s), 1 left on base; Capital District 6 - Kingston Township 6
BOTTOM OF THE 9TH
Kingston Township Legion batting - Pitching for Capital District Red Knights : RHP Chang-keun Hyon
Pitching: LHP Miguel Toro
Batting: RHB Jim Scott 0-0: Called Strike
0-1: Swinging Strike
0-2: Fly out, F5 (Popup, 56)
Batting: RHB Alfredo Cardenas 0-0: Foul Ball, location: 2F
0-1: Ball
1-1: Called Strike
1-2: Foul Ball, location: 2F
1-2: Foul Ball, location: 2F
1-2: Strikes out swinging
Batting: RHB Clarence Neal 0-0: Called Strike
0-1: Ball
1-1: Fly out, F9 (Flyball, 89M)
Bottom of the 9th over - 0 run(s), 0 hit(s), 0 error(s), 0 left on base; Capital District 6 - Kingston Township 6
TOP OF THE 10TH
Capital District Red Knights batting - Pitching for Kingston Township Legion : RHP John Riggleman
Batting: RHB Barry Dempsey 0-0: Called Strike
0-1: Swinging Strike
0-2: Foul Ball, location: 2F
0-2: Fly out, F5 (Popup, 5L)
Pinch Hitting: RHB Brandon Cole 0-0: Called Strike
0-1: Called Strike
0-2: Ball
1-2: Ball
2-2: Strikes out looking
Pinch Hitting: LHB Marcos Deleón 0-0: Called Strike
0-1: Swinging Strike
0-2: Fly out, F8 (Flyball, 8RS)
Top of the 10th over - 0 run(s), 0 hit(s), 0 error(s), 0 left on base; Capital District 6 - Kingston Township 6
BOTTOM OF THE 10TH
Kingston Township Legion batting - Pitching for Capital District Red Knights : LHP Miguel Toro
Now at 3B: Brandon Cole
Now in CF: Arturo Hernández
Pinch Hitting: RHB José Icaza 0-0: Ball
1-0: Called Strike
1-1: Called Strike
1-2: Fly out, F7 (Flyball, 7LMF)
Batting: RHB Júlio Rodríguez 0-0: Called Strike
0-1: Fly out, F3 (Popup, 34)
Batting: LHB Christian Blair 0-0: Foul Ball, location: 2F
0-1: Ball
1-1: Fly out, F8 (Flyball, 8LD)
Bottom of the 10th over - 0 run(s), 0 hit(s), 0 error(s), 0 left on base; Capital District 6 - Kingston Township 6
TOP OF THE 11TH
Capital District Red Knights batting - Pitching for Kingston Township Legion : RHP John Riggleman
Pitching: RHP Toshiro Saikawa
Now at 1B: Paddy Hodnett
Batting: RHB Arnold Giroux 0-0: Ball
1-0: Called Strike
1-1: Swinging Strike
1-2: SOLO HOME RUN (Flyball, 78XD), Distance : 447 ft
Batting: RHB Alfonso Enríquez 0-0: Ball
1-0: Swinging Strike
1-1: Foul Ball, location: 2F
1-2: Foul Ball, location: 2F
1-2: Ball
2-2: Foul Ball, location: 2F
2-2: Ball
3-2: Foul Ball, location: 2F
3-2: SINGLE (Line Drive, 78S)
Batting: RHB Sergio Ortíz 0-0: Ball
1-0: Called Strike
1-1: Fly out, F3 (Popup, 3L)
Batting: RHB Pedro Álvarez 0-0: Foul Ball, location: 2F
0-1: SINGLE (Flyball, 9LS)
Alfonso Enríquez to second
Runner from 2nd tries for 3rd, SAFE, no throw
Batting: LHB Francisco Sánchez 0-0: Grounds into double play, 1-4-3 (Groundball, 15S)
Top of the 11th over - 1 run(s), 3 hit(s), 0 error(s), 1 left on base; Capital District 7 - Kingston Township 6
BOTTOM OF THE 11TH
Kingston Township Legion batting - Pitching for Capital District Red Knights : LHP Miguel Toro
Pitching: RHP César Rivera
Batting: LHB António González 0-0: Foul Ball, location: 2F
0-1: Ball
1-1: Ball
2-1: Fly out, F9 (Flyball, 9LM)
Batting: RHB EP Weston 0-0: Swinging Strike
0-1: Called Strike
0-2: Foul Ball, location: 2F
0-2: Ball
1-2: Strikes out swinging
Batting: RHB Dani Trejo 0-0: Ball
1-0: Foul Ball, location: 2F
1-1: Ball
2-1: Foul Ball, location: 2F
2-2: Foul Ball, location: 2F
2-2: Ground out 6-3 (Groundball, 6)
Bottom of the 11th over - 0 run(s), 0 hit(s), 0 error(s), 0 left on base; Capital District 7 - Kingston Township 6
Thursday, September 7th, 2017 - OOTP Baseball 17.12 Build 75